 Dungeon Crawl Stone Soup version 0.32-a0-900-g30fb1b0edc (webtiles) character file.

Game seed: 3854128216873320634

2631 Frisco the Skirmisher (level 9, -2/61 HPs)
             Began as a Coglin Hunter on Apr 5, 2024.
             Was a Believer of Hepliaklqana.
             Slain by a hornet (6 damage)
             ... while paralysed by a hornet
             ... on level 8 of the Dungeon.
             The game lasted 00:08:05 (6507 turns).

Frisco the Skirmisher (Coglin Hunter)               Turns: 6507, Time: 00:08:05

Health: -2/61      AC:  8    Str: 12    XL:     9   Next: 61%
Magic:  9/9        EV:  2    Int:  9    God:    Hepliaklqana [**....]
Gold:   455        SH:  0    Dex: 21    Spells: 8/8 levels left

rFire   . . .        a - +2 sling {Daichi}
rCold   . . .        d - +0 sling {Diego}
rNeg    . . .        B - +0 steam dragon scales
rPois   .            h - +0 helmet
rElec   .            (no cloak)
rCorr   .            (no gloves)
SInv    .            o - +1 pair of boots
Will    .....        (amulet unavailable)
Stlth   ++           (ring unavailable)
HPRegen 0.30/turn    (ring unavailable)
MPRegen 0.11/turn    (no gizmo)

%: no passive effects
@: paralysed, lethally poisoned (-2 -> -24), slowed
A: reduced essence, off-hand wielding, slow wielding, warmup strikes, no
jewellery
a: Invent Gizmo, Renounce Religion, Recall Ancestor, Ancestor Identity


You were on level 8 of the Dungeon.
You worshipped Hepliaklqana.
Hepliaklqana was pleased with you.
You visited 2 branches of the dungeon, and saw 9 of its levels.

You collected 455 gold pieces.

Inventory:

Hand Weapons
 a - a +2 sling (weapon) {Daichi}
 d - a +0 sling (offhand) {Diego}
Missiles
 y - a curare-tipped dart
Armour
 c - a +0 leather armour
 h - a +0 helmet (worn)
 o - a +1 pair of boots (worn)
 B - +0 steam dragon scales (worn)
Wands
 i - a wand of iceblast (7)
 m - a wand of polymorph (8)
Scrolls
 b - a scroll of identify {@r1}
 e - 3 scrolls of fog {@r2}
 k - 3 scrolls of amnesia
 n - a scroll of summoning {!r}
 p - a scroll of acquirement
 q - 2 scrolls of blinking {@r4}
 v - 2 scrolls of noise
 w - 3 scrolls of teleportation {@r3}
 z - a scroll of fear
 A - a scroll of vulnerability {!r}
Potions
 f - a potion of ambrosia {unknown}
 g - a potion of curing {unknown}
 j - a potion of resistance {unknown}
 l - a potion of berserk rage {unknown}
 r - a potion of magic {unknown}
 s - a potion of degeneration {unknown}
 t - 2 potions of lignification {unknown}
 x - a potion of haste {unknown}
 C - a potion of cancellation {unknown}


   Skills:
 + Level 5.4 Fighting
 * Level 10.4 Ranged Weapons
 + Level 4.9 Dodging
 - Level 0.7 Stealth


You had 8 spell levels left.
You didn't know any spells.
Your spell library contained the following spells:

 Spells                   Type           Power      Damage    Failure   Level
 Anguish                  Hex/Necr       0%         N/A       99%         4
 Cause Fear               Hex            0%         N/A       99%         4
 Ignite Poison            Fire/Alch      0%         N/A       99%         4
 Olgreb's Toxic Radiance  Alch           0%         N/A       99%         4
 Sticky Flame             Fire/Alch      0%         2d4       99%         4
 Enfeeble                 Hex            0%         N/A       100%        7
 Ozocubu's Refrigeration  Ice            0%         4d7       100%        7
 Discord                  Hex            0%         N/A       100%        8
 Ignition                 Fire           0%         3d3       100%        8


Dungeon Overview and Level Annotations

Branches:
Dungeon (8/15)             Temple (1/1) D:4
   Lair: D:8-11

Altars:
Ashenzari
Cheibriados
Dithmenos
Fedhas
Hepliaklqana
Kikubaaqudgha
Nemelex Xobeh
Qazlal
Ru
Trog
Uskayaw
Vehumet
Wu Jian
Xom
Yredelemnul
Zin
The Shining One


Innate Abilities, Weirdness & Mutations

Your life essence is reduced to manifest your ancestor. (-10% HP)
You can wield a second weapon in your off-hand.
It takes a long time for you to wield or remove held weapons.
Your first few attacks do less damage.
You cannot equip rings or amulets.


Message History

The hornet stings Onke but does no damage.
The hornet barely misses you.
Aiming: Paralyse
Press: ? - help, Q - select action, (/) - cycle Shift-Dir - straight line, f/p - hornet
Aim: a hornet (moderately wounded, chance to affect: 39%)
The hornet resists with some effort.
The hornet stings Onke!
The hornet stings you but does no damage.
Onke barely misses the hornet.
The hornet completely misses you.
Onke blocks the hornet's attack.
Aiming: Paralyse
Press: ? - help, Q - select action, (/) - cycle Shift-Dir - straight line, f/p - hornet
Aim: a hornet (moderately wounded, chance to affect: 39%)
The hornet resists with some effort.
The now-empty wand crumbles to dust.
You hear a shout!
The hornet stings Onke!
The hornet stings you.
You are poisoned.
You suddenly lose the ability to move!
An orc priest comes into view. It is wielding a +0 hand axe.
Onke hits the hornet with a +0 flail!
The hornet stings you but does no damage.
Onke blocks the hornet's attack.
You hear a shout! x2
You feel very sick.
The hornet misses Onke.
The hornet stings you!
* * * LOW HITPOINT WARNING * * *
You are lethally poisoned!
You feel as though you will be slow longer.
The orc priest looks satisfied for a moment.
Onke closely misses the hornet.
The hornet stings Onke.
The hornet stings you.
* * * LOW HITPOINT WARNING * * *
You are more poisoned.
You feel as though you will be slow longer.
* * * LOW HITPOINT WARNING * * *
You feel extremely sick.
The hornet stings Onke.
Onke is destroyed!
The hornet stings you.
You die...
Hepliaklqana delivers you to your ancestors.

..# #.# #.# ...
..# ##.# #.#
##.#.# #.#
##.##.## #.#
#yy@...# #.#
#.c####..# #.#
#### #...
#..####.#####..^
....
#...........#P..
.#.
#.#####.#####.._
# ...#
#.#####.P. #####
#....##PPP
####.####. #.#
#.#


You could see 2 hornets and a centaur.

Vanquished Creatures
  An acid dragon (D:6)
  An orc warrior (D:6)
  A black bear (D:7)
  3 ice beasts
  A centaur (D:7)
  2 ogres
  3 bullfrogs (D:7)
  2 kobold brigands (D:7)
  A weeping skull (D:5)
  A gnoll sergeant (D:7)
  A scorpion (D:5)
  3 electric eels (D:6)
  A bombardier beetle (D:6)
  An orc priest (D:6)
  A jelly (D:5)
  An iguana (D:4)
  Natasha (twice) (D:4)
  2 orc wizards
  6 gnolls
  8 adders
  2 dart slugs
  21 orcs
  5 ball pythons
  12 endoplasms
  6 giant cockroaches
  4 goblins
  3 hobgoblins
  4 jackals (D:3)
  23 kobolds
  2 quokkas
  4 bats
  2 frilled lizards (D:2)
  10 rats
140 creatures vanquished.

Vanquished Creatures (collateral kills)
  A steam dragon (D:8)
  Menkaure (D:7)
  A water moccasin (D:6)
  A centaur (D:7)
  A phantom (D:5)
  A kobold brigand (D:6)
  A scorpion (D:7)
  An iguana (D:6)
  An orc wizard (D:5)
  A gnoll (D:7)
  2 white imps
  5 orcs
  A kobold (D:6)
  A spectral orc (D:5)
19 creatures vanquished.

Vanquished Creatures (others)
  3 ancestors (D:6)
  2 knights
5 creatures vanquished.

Grand Total: 164 creatures vanquished

Notes
Turn   | Place    | Note
-------+----------+-------------------------------------------
     0 | D:1      | Frisco the Coglin Hunter began the quest for the Orb.
     0 | D:1      | Reached XP level 1. HP: 16/16 MP: 1/1
    92 | D:1      | Reached skill level 4 in Ranged Weapons
    92 | D:1      | Reached XP level 2. HP: 22/22 MP: 2/2
   186 | D:1      | Reached XP level 3. HP: 27/27 MP: 3/3
   662 | D:2      | Reached skill level 5 in Ranged Weapons
   662 | D:2      | Reached XP level 4. HP: 33/33 MP: 4/4
   739 | D:2      | Found a hide-covered altar of Uskayaw.
  1470 | D:3      | Found a faded altar of an unknown god.
  1531 | D:3      | Reached XP level 5. HP: 38/38 MP: 5/5
  1933 | D:4      | Reached skill level 6 in Ranged Weapons
  1960 | D:4      | Found a staircase to the Ecumenical Temple.
  1979 | Temple   | Entered the Ecumenical Temple
  1990 | Temple   | Became a worshipper of Hepliaklqana the Forgotten
  2073 | D:4      | Noticed Natasha
  2078 | D:4      | Killed Natasha
  2191 | D:4      | Noticed Natasha
  2194 | D:4      | Killed Natasha
  2195 | D:4      | Reached XP level 6. HP: 44/44 MP: 6/6
  2414 | D:4      | Reached * piety under Hepliaklqana
  2758 | D:5      | Entered Level 5 of the Dungeon
  2803 | D:5      | Reached skill level 7 in Ranged Weapons
  3081 | D:5      | Identified the amulet "Puesk" {Rampage RegenMP+ Int+3}
  3270 | D:5      | Found a hide-covered altar of Uskayaw.
  3297 | D:5      | Noticed an ice beast
  3306 | D:5      | Killed an ice beast
  3307 | D:5      | Reached XP level 7. HP: 45/45 MP: 7/7
  3591 | D:5      | Found a basalt altar of Yredelemnul.
  3602 | D:5      | Reached skill level 8 in Ranged Weapons
  3815 | D:6      | HP: 2/45 [something/magic dart (9)]
  4084 | D:6      | Reached XP level 8. HP: 52/52 MP: 8/8
  4620 | D:6      | Reached ** piety under Hepliaklqana
  4690 | D:6      | Reached skill level 9 in Ranged Weapons
  4874 | D:5      | Identified a scroll of acquirement
  4920 | D:5      | Remembered your ancestor Onke as a knight
  5538 | D:7      | Found a snail-covered altar of Cheibriados.
  5538 | D:7      | Noticed Menkaure
  5542 | D:7      | Killed Menkaure
  5543 | D:7      | Reached XP level 9. HP: 54/59 MP: 9/9
  5697 | D:7      | Reached skill level 10 in Ranged Weapons
  5749 | D:7      | Reached skill level 5 in Fighting
  5996 | D:7      | Found a glowing golden altar of the Shining One.
  6445 | D:8      | Found a sacrificial altar of Ru.
  6495 | D:8      | Noticed a hornet
  6497 | D:8      | Noticed a hornet
  6499 | D:8      | Paralysed by a hornet for 2 turns
  6505 | D:8      | Paralysed by a hornet for 3 turns
  6507 | D:8      | Slain by a hornet

Illustrated notes

Levels and vault maps discovered:
D:1:      wander_arrival_peaceful_grave, layout_rooms, serial_forest,
          infiniplex_forest_lined_room_, infiniplex_forest_zigzag_1,
          infiniplex_forest_lined_3, infiniplex_forest_side_room,
          infiniplex_forest_lined_room_2, infiniplex_forest_straight_2,
          infiniplex_forest_zigzag_1, infiniplex_forest_clump_tiny,
          minivault_11, minmay_liquid_box
D:2:      layout_loops_ring, basic_altar
D:3:      layout_rooms, shapermc_ecumenical_altar_starsandcircs
D:4:      layout_basic, temple_statues, amethyst_killhole,
          nicolae_elevator_lobby_asterisk, uniq_natasha
D:5:      layout_basic, nicolae_uskayaw_murder_on_the_dancefloor,
          yredelemnul_forgotten_temple_becter
D:6:      layout_rooms, serial_bayou_lagoon_b
D:7:      layout_rooms, mainiacjoe_overflow_small_starburst,
          lemuel_doored_altar, uniq_menkaure
D:8:      layout_loops_ring, okawaru_altar_gauntlet_db,
          nicolae_ru_the_path_less_chosen, mainiacjoe_overflow_six_doors_small,
          lair_entry_dummy, minmay_three_doors, uniq_erica
Temple:   hellmonk_temple_flake

Skill      XL: |  1  2  3  4  5  6  7  8  9 |
---------------+----------------------------+-----
Ranged Weapons | 4 5 6 7 8 9 10 | 10.4
Dodging        | 2 3 4 |  4.9
Fighting       | 3 4 5 |  5.4
Stealth        | |  0.7

Action                     |  1- 3 |  4- 6 |  7- 9 || total
---------------------------+-------+-------+-------++-------
  Melee: Sling             |       |    13 |       ||    13
   Fire: Sling             |   214 |   288 |   524 ||  1026
 Invoke: Recall Ancestor   |       |       |     2 ||     2
         Ancestor Life: Kn |       |       |     1 ||     1
  Evoke: Wand              |       |       |     7 ||     7
    Use: Potion            |       |       |     2 ||     2
         Scroll            |       |       |    10 ||    10
 Armour: Leather armour    |       |    30 |    60 ||    90
         Steam dragon scal |       |       |    14 ||    14
  Dodge: Dodged            |       |    39 |    36 ||    75

Table legend: (Time is in decaauts)
 A = Elapsed time spent in this place.
 B = Non-inter-level travel time spent in this place.
 C = Inter-level travel time spent in this place.
 D = Time resting spent in this place.
 E = Time spent auto-exploring this place.
 F = Levels seen in this place.
 G = Mean time per level.
                   A        B        C        D        E       F      G
               +--------+--------+--------+--------+--------+-----+--------+
         Total |   6589 |   6265 |    324 |   1155 |   4167 |   9 |  732.1 |
       Dungeon |   6567 |   6265 |    302 |   1155 |   4167 |   8 |  820.9 |
        Temple |     22 |      1 |     21 |      0 |      0 |   1 |   22.0 |
               +--------+--------+--------+--------+--------+-----+--------+

Top non-repeatable levels by time:
     D:5: 1442 daAuts
     D:6: 1235 daAuts
     D:4: 818 daAuts
     D:2: 792 daAuts
     D:7: 781 daAuts
     D:1: 634 daAuts
     D:3: 532 daAuts
     D:8: 329 daAuts
  Temple: 22 daAuts
